 Dungeon Crawl Stone Soup version 0.29-a0-2-g12fcac58f8 (webtiles) character file.

Game seed: 6294277098748822757

294 comborobin the Ruffian (level 6, -8/61 HPs)
             Began as a Troll Cinder Acolyte on Jan 27, 2022.
             Was a High Priest of Ignis.
             Mangled by a wyvern (14 damage)
             ... on level 8 of the Dungeon.
             The game lasted 00:02:14 (921 turns).

comborobin the Ruffian (Troll Cinder Acolyte)        Turns: 921, Time: 00:02:15

Health: -8/61      AC: 11    Str: 23    XL:     6   Next: 11%
Magic:  6/6        EV:  9    Int: 10    God:    Ignis [*****.]
Gold:   84         SH:  0    Dex:  7    Spells: 7/7 levels left

rFire   + . .      SeeInvis .     - Unarmed
rCold   . . .      Faith    .   (no shield)
rNeg    . . .      Spirit   .   a - +0 robe
rPois   .          Reflect  .   (helmet restricted)
rElec   .          Harm     .   d - scarf {repulsion}
rCorr   .          Rampage  .   (gloves unavailable)
Will    .....                   (boots unavailable)
Stlth   +.........              (no amulet)
HPRegen 1.00/turn               e - ring of flight
MPRegen 0.10/turn               (no ring)

@: attractive, fiery-armoured, flying, repel missiles
A: large, unfitting armour, claws 3, regeneration 1, shaggy fur 1, tough skin 1
a: Renounce Religion, Fiery Armour, Foxfire Swarm, Rising Flame


You were on level 8 of the Dungeon.
You worshipped Ignis.
Ignis was extremely pleased with you.
You visited 1 branch of the dungeon, and saw 8 of its levels.

You collected 84 gold pieces.

Inventory:

Hand Weapons
 c - a +2 rapier of speed
Missiles
 f - 2 boomerangs (quivered)
Armour
 a - a +0 robe (worn)
 d - a scarf of repulsion (worn)
Jewellery
 e - a ring of flight (left claw)
Scrolls
 b - a scroll of noise {unknown}
 g - 5 scrolls of identify {unknown}
 h - 2 scrolls of enchant armour {unknown}
 k - a scroll of vulnerability {unknown}
 l - a scroll of acquirement {unknown}


   Skills:
 + Level 3.5 Fighting
 + Level 2.2 Dodging
 * Level 5.3 Unarmed Combat
 - Level 1.0 Spellcasting
 - Level 2.1 Fire Magic


You had 7 spell levels left.
You didn't know any spells.
Your spell library contained the following spells:

 Spells                   Type           Power      Damage    Failure   Level
 Scorch                   Fire           8%         2d5       22%         2


Dungeon Overview and Level Annotations

Branches:
Dungeon (8/15)
 Temple: D:4-7         Lair: D:8-11

Altars:
Wu Jian


Innate Abilities, Weirdness & Mutations

You are too large for most types of armour.
You have claws for hands.
Your natural rate of healing is unusually fast.
You are covered in fur. (AC +1)
You have tough skin. (AC +1)


Message History

The two-headed ogre hits you with a +0 giant club!
A wyvern comes into view.
A protective cloak of flame settles atop you.
The two-headed ogre hits you with a +0 dire flail!
The two-headed ogre is burned by your cloak of flames.
The two-headed ogre is moderately wounded.
The two-headed ogre hits you with a +0 giant club!!
The two-headed ogre is burned by your cloak of flames.
The two-headed ogre is moderately wounded.
There is a stone staircase leading up here.
Found 24 stones and 18 gold pieces.
The wyvern barely misses you.
Found a fizzy yellow potion.
The wyvern bites you but does no damage.
The wyvern is burned by your cloak of flames.
The wyvern is lightly wounded.
The wyvern bites you!
The wyvern is burned by your cloak of flames.
The wyvern is moderately wounded.
The wyvern bites you!
* * * LOW HITPOINT WARNING * * *
The wyvern is burned by your cloak of flames.
The wyvern is moderately wounded.
You barely miss the wyvern.
The wyvern is moderately wounded.
The wyvern bites you!
* * * LOW HITPOINT WARNING * * *
The wyvern is burned by your cloak of flames.
The wyvern is heavily wounded.
The wyvern barely misses you.
It was a potion of attraction.
You feel attractive to monsters.
The wyvern bites you but does no damage.
The wyvern is burned by your cloak of flames.
The wyvern is severely wounded.
The wyvern barely misses you.
You claw the wyvern!
The wyvern is almost dead.
The wyvern bites you!
You die...

≈≈≈..≈≈.........#
#≈..≈#....#....#
#≈.≈≈#...(#....#
#.≈≈........#..#
≈#......#....#
#.#......#.##.####
#....O##.#.(......
###!#l##.#..#.####
.. #.@#.#..# # ##
##.#.#..# #...#..#
##..#..# #..#.<#
#.###>##.#
#........#
##.####### #≈


You could see a two-headed ogre and a wyvern.

Vanquished Creatures
  Menkaure (D:5)
  A water moccasin skeleton (D:7)
  A centaur zombie (D:5)
  A jelly (D:7)
  A howler monkey skeleton (D:5)
  A dart slug (D:1)
  9 orcs
  2 ball pythons
  4 endoplasms
  A giant cockroach (D:2)
  3 goblins
  4 hobgoblins
  5 jackals
  2 kobolds
  4 bats
  2 frilled lizards
  4 rats (D:1)
46 creatures vanquished.

Notes
Turn   | Place    | Note
-------+----------+-------------------------------------------
     0 | D:1      | comborobin the Troll Cinder Acolyte began the quest for the
                  | Orb.
     0 | D:1      | Reached XP level 1. HP: 22/22 MP: 1/1
    75 | D:1      | Reached XP level 2. HP: 29/29 MP: 2/2
   301 | D:2      | Reached XP level 3. HP: 35/36 MP: 3/3
   553 | D:3      | Reached skill level 1 in Dodging
   726 | D:5      | Entered Level 5 of the Dungeon
   733 | D:5      | Reached skill level 4 in Unarmed Combat
   771 | D:5      | Reached XP level 4. HP: 45/45 MP: 4/4
   778 | D:5      | Noticed Menkaure
   790 | D:5      | Killed Menkaure
   791 | D:5      | Reached skill level 5 in Unarmed Combat
   791 | D:5      | Reached XP level 5. HP: 15/53 MP: 5/5
   839 | D:6      | Noticed a centaur
   852 | D:7      | Found an ornate altar of the Wu Jian Council.
   888 | D:7      | Reached XP level 6. HP: 60/61 MP: 6/6
   896 | D:8      | Noticed a two-headed ogre
   898 | D:8      | Noticed a wyvern
   918 | D:8      | HP: 3/61 [wyvern (13)]
   921 | D:8      | Mangled by a wyvern

Illustrated notes

Levels and vault maps discovered:
D:1:      lightli_arrival_lavapool, layout_basic,
          hellmonk_ecumenical_altar_blasted, minmay_three_crescents
D:2:      layout_loops_ring, kennysheep_nondescript, minmay_hedge_maze,
          minmay_misc_feat_more_columns, minivault_25
D:3:      minmay_general_purpose_star, layout_basic,
          chequers_serial_rivers_micro_b, chequers_decorated_corner, uniq_pargi
D:4:      layout_basic, st_stairs_13, corexii_checkpoint_a
D:5:      layout_cave_pools, uniq_menkaure
D:6:      layout_rooms, minivault_14, serial_bayou_pond_a, grunt_ministairs_8,
          grunt_potential
D:7:      layout_cave_pools, lemuel_temple_firewalk_b, hangedman_feature_mirror,
          kennysheep_generic_room_8
D:8:      layout_basic, serial_rivers, chequers_serial_rivers_marsh,
          chequers_serial_rivers_small_b, chequers_serial_rivers_micro_e,
          chequers_serial_rivers_small_3, chequers_serial_rivers_micro_d,
          chequers_serial_rivers_micro_d

Skill      XL: |  1  2  3  4 |
---------------+-------------+-----
Dodging        | 1 2 |  2.2
Unarmed Combat | 4 5 |  5.3
Fighting       | 3 |  3.5
Spellcasting   | |  1.0
Fire Magic     | |  2.1

Action                   |  1- 3 |  4- 6 || total
-------------------------+-------+-------++-------
Melee: Unarmed           |   129 |    16 ||   145
       Punch             |     3 |       ||     3
Invok: Fiery Armour      |       |     1 ||     1
  Use: Potion            |       |     3 ||     3
Armor: Robe              |    53 |     5 ||    58
Dodge: Dodged            |    70 |     5 ||    75

Table legend: (Time is in decaauts)
 A = Elapsed time spent in this place.
 B = Non-inter-level travel time spent in this place.
 C = Inter-level travel time spent in this place.
 D = Time resting spent in this place.
 E = Time spent auto-exploring this place.
 F = Levels seen in this place.
 G = Mean time per level.
                   A        B        C        D        E       F      G
               +--------+--------+--------+--------+--------+-----+--------+
         Total |    910 |    829 |     81 |     51 |    339 |   8 |  113.8 |
       Dungeon |    910 |    829 |     81 |     51 |    339 |   8 |  113.8 |
               +--------+--------+--------+--------+--------+-----+--------+

Top non-repeatable levels by time:
     D:2: 290 daAuts
     D:1: 157 daAuts
     D:4: 149 daAuts
     D:3: 121 daAuts
     D:5: 106 daAuts
     D:7: 43 daAuts
     D:8: 27 daAuts
     D:6: 14 daAuts
